 Dungeon Crawl Stone Soup version 0.18.1-5-g4a78601 (webtiles) character file.

196 Etesian the Covert (level 5, 0/25 HPs)
             Began as a Spriggan Assassin on May 13, 2016.
             Was an Initiate of Ashenzari.
             Succumbed to Etesian's ghost's poison
             ... in a sewer.
             The game lasted 00:08:32 (3126 turns).

Etesian the Covert (Spriggan Assassin)              Turns: 3126, Time: 00:08:33

Health: 0/25       AC:  7    Str:  7    XL:     5   Next: 45%
Magic:  6/6        EV: 17    Int: 13    God:    Ashenzari [......]
Gold:   255        SH:  0    Dex: 18    Spells: 0 memorised, 4 levels left

rFire  . . .     SeeInvis +     a - +2 dagger (venom)
rCold  + . .     Gourm    .     q - +0 animal skin (curse)
rNeg   . . .     Faith    .     (shield restricted)
rPois  .         Spirit   .     (helmet restricted)
rElec  .         Dismiss  .     d - +1 cloak
rCorr  .         Reflect  .     (gloves unavailable)
SustAt .         Harm     .     (boots unavailable)
MR     .....                    (no amulet)
Stlth  +++++.....               w - ring of protection from cold
                                r - +3 ring of protection

@: lethally poisoned (0 -> -36), very slightly contaminated, invisible, very
quick, not resistant to hostile enchantments, quite stealthy
A: unfitting armour, see invisible, herbivore 3, speed 3, slow metabolism 2
a: Curse Item, Renounce Religion


You were in a sewer.
You worshipped Ashenzari.
Ashenzari was noncommittal.
You were not hungry.

You visited 1 branch of the dungeon, and saw 4 of its levels.
You also visited: Sewer.

You collected 255 gold pieces.

Inventory:

Hand Weapons
 a - a +2 dagger of venom (weapon)
 b - a +1 blowgun
Missiles
 e - 46 poisoned needles
 f - 2 curare-tipped needles
Armour
 d - a +1 cloak (worn)
 q - a cursed +0 animal skin (worn)
Jewellery
 r - a +3 ring of protection (left hand)
 w - a ring of protection from cold (right hand)
Scrolls
 l - a scroll of magic mapping
 m - 2 scrolls of enchant weapon
 p - 3 scrolls of identify
 s - 2 scrolls of fear
 t - 3 scrolls of teleportation
 x - 2 scrolls of fog
Potions
 c - a potion of agility {unknown}
 k - 2 potions of flight
 u - a potion of magic {unknown}
 v - a potion of heal wounds {unknown}
Comestibles
 g - 2 bread rations
 i - 2 fruits
 j - 2 slices of pizza


   Skills:
 - Level 1.5 Fighting
 + Level 2.9 Short Blades
 - Level 2.0 Throwing
 + Level 1.7 Dodging
 * Level 9.9 Stealth


You had 4 spell levels left.
You didn't know any spells.

Dungeon Overview and Level Annotations

Branches:
Dungeon (4/15)
 Temple: D:4-7

Altars:
Ashenzari
Cheibriados
Gozag
Kikubaaqudgha
Makhleb
Ru

Annotations:
Sewer Etesian's ghost, amateur SpAs


Innate Abilities, Weirdness & Mutations

You are tiny and cannot use many weapons and most armour.
You have supernaturally acute eyesight.
You are a herbivore.
You cover ground extremely quickly.
You need consume almost no food.


Message History

Drink which item? (? for menu, Esc to quit)
You fade into invisibility!
* * * LOW HITPOINT WARNING * * *
You feel sick.
Etesian's ghost hits you but does no damage.
You are more poisoned.
You are very lightly contaminated with residual magic.
You take 2 damage, and have 3/25 hp.
Unknown command.
You enter the shallow water.
Moving in this stuff is going to be slow. ...and don't expect to remain undetected.
A bat comes into view.
* * * LOW HITPOINT WARNING * * *
You feel sick.
The bat moves out of view.
Etesian's ghost hits you but does no damage.
You are more poisoned.
You take 2 damage, and have 1/25 hp. 3 bats come into view.
You die...

.# #≈.# #≈≈≈# #≈≈≈#
≈# #.≈# #≈≈≈# #≈≈≈#
≈####≈≈####≈≈≈###≈≈≈#
≈≈≈≈≈≈≈≈≈≈≈≈≈≈.≈≈≈≈≈#
≈≈≈≈≈≈≈≈≈≈≈≈≈≈≈≈≈≈≈≈#
†≈≈.≈≈.≈≈≈≈≈≈≈≈≈≈≈≈≈#
≈###############.≈≈≈#
≈# ##W≈≈≈# ≈# #.@≈≈≈#
≈# #≈..≈≈# ≈#
#≈.≈.≈≈# ≈# #..≈≈≈≈#
≈# b..#≈≈≈# ...≈#≈≈≈#
....##≈≈≈#


#.bbb ≈≈≈# You could see Etesian's ghost and 4 bats.

Vanquished Creatures
  An orc wizard (D:3)
  Robin (D:3)
  3 adders (D:3)
  2 oozes (Sewer)
  3 worms
  3 giant geckos
  9 orcs (D:3)
  3 ball pythons
  8 giant cockroaches
  12 goblins
  6 hobgoblins
  15 jackals
  7 kobolds
  A quokka (D:3)
  9 bats
  4 giant newts
  12 rats
99 creatures vanquished.

Vanquished Creatures (others)
  3 fungi (D:4)
  4 toadstools (D:1)
7 creatures vanquished.

Grand Total: 106 creatures vanquished

Notes
Turn   | Place    | Note
--------------------------------------------------------------
     0 | D:1      | Etesian the Spriggan Assassin began the quest for the Orb.
     0 | D:1      | Reached XP level 1. HP: 10/10 MP: 2/2
    11 | D:1      | Reached skill level 6 in Stealth
   131 | D:1      | Reached XP level 2. HP: 13/14 MP: 3/3
   631 | D:1      | Reached skill level 7 in Stealth
  1043 | D:2      | Reached XP level 3. HP: 17/18 MP: 4/4
  1131 | D:2      | Found a shattered altar of Ashenzari.
  1328 | D:2      | Became a worshipper of Ashenzari the Shackled
  1492 | D:2      | Found a sacrificial altar of Ru.
  1680 | D:2      | Found a burning altar of Makhleb.
  1699 | D:3      | Found an opulent altar of Gozag.
  1708 | D:3      | Found a snail-covered altar of Cheibriados.
  1710 | D:3      | Found an ancient bone altar of Kikubaaqudgha.
  1719 | D:3      | Reached skill level 8 in Stealth
  2069 | D:3      | Noticed Robin
  2087 | D:3      | Reached XP level 4. HP: 20/22 MP: 5/5
  2113 | D:3      | Killed Robin
  2236 | D:3      | Reached skill level 9 in Stealth
  2463 | D:3      | Reached XP level 5. HP: 23/25 MP: 6/6
  2923 | D:4      | Found a glowing drain.
  2946 | Sewer    | Entered a sewer
  3104 | Sewer    | Noticed Etesian's ghost (amateur SpAs)
  3125 | Sewer    | HP: 1/25 [poisoned by Etesian's ghost]
  3126 | Sewer    | Succumbed to Etesian's ghost's poison

Skill      XL: |  1  2  3  4 |
---------------+-------------+-----
Stealth        | 6 7 8 9 |  9.9
Fighting       | |  1.5
Short Blades   | |  2.9
Throwing       | |  2.0
Dodging        | |  1.7

Action                   |  1- 3 |  4- 6 || total
-------------------------+-------+-------++-------
Melee: Dagger            |   193 |   159 ||   352
  Use: Scroll            |     7 |     6 ||    13
       Potion            |       |     1 ||     1
 Stab: Sleeping          |    14 |    15 ||    29
Armor: Robe              |    32 |     3 ||    35
       Animal skin       |       |    11 ||    11
Dodge: Dodged            |   141 |    97 ||   238
